[Event "ICC tourney 2329 (3 2)"]
[Site "Internet Chess Club"]
[Date "2021.01.22"]
[Round "2"]
[White "BlueDuck"]
[Black "ved2006"]
[Result "0-1"]
[ICCResult "White resigns"]
[WhiteElo "980"]
[BlackElo "1686"]
[Opening "French: Labourdonnais variation"]
[ECO "C00"]
[NIC "FR.01"]
[Time "22:13:14"]
[PlyCount "26"]
[TimeControl "180+2"]

1. e4 e6 2. f4 d5 3. exd5 exd5 4. Nf3 Nf6 5. Bb5+ c6 6. Ba4 Bg4 7. h3 Bf5
8. g4 Be4 9. d3 Bxf3 10. Qxf3 Qa5+ 11. Nc3 d4 12. Bb3 dxc3 13. bxc3 Qxc3+ {
White resigns } 0-1

[Event "ICC tourney 2329 (3 2)"]
[Site "Internet Chess Club"]
[Date "2021.01.22"]
[Round "2"]
[White "avocuddle"]
[Black "TjkTiger"]
[Result "0-1"]
[ICCResult "White resigns"]
[WhiteElo "1961"]
[BlackElo "2597"]
[Opening "King's Indian: Sämisch, 5...O-O"]
[ECO "E81"]
[NIC "KI.51"]
[Time "22:13:41"]
[PlyCount "32"]
[TimeControl "180+2"]

1. d4 Nf6 2. c4 g6 3. f3 Bg7 4. e4 d6 5. Nc3 O-O 6. Bg5 a6 7. Qd2 Nbd7 8.
Nh3 c5 9. d5 Qa5 10. a4 Qb4 11. Be2 Ne5 12. Nd1 Bxh3 13. gxh3 Rfc8 14. Ne3
h6 15. Bh4 Kf8 16. O-O Qxd2 { White resigns } 0-1

[Event "ICC tourney 2329 (3 2)"]
[Site "Internet Chess Club"]
[Date "2021.01.22"]
[Round "2"]
[White "Ben2008"]
[Black "kurumania"]
[Result "0-1"]
[ICCResult "White resigns"]
[WhiteElo "1900"]
[BlackElo "2514"]
[Opening "Sicilian: Stiletto (Althouse) variation"]
[ECO "B27"]
[NIC "SI.43"]
[Time "22:13:22"]
[PlyCount "64"]
[TimeControl "180+2"]

1. e4 c5 2. Nf3 Qa5 3. Nc3 e6 4. Be2 Nc6 5. O-O a6 6. d4 cxd4 7. Nxd4 Nf6
8. Bg5 Qxg5 9. Nxc6 bxc6 10. Qd3 Qc5 11. Rad1 d5 12. exd5 cxd5 13. Kh1 Be7
14. f4 O-O 15. f5 Rb8 16. fxe6 Bxe6 17. Bf3 Rfd8 18. a3 d4 19. Ne4 Qc4 20.
Nxf6+ Bxf6 21. b3 Qxd3 22. Rxd3 Rdc8 23. Rd2 Rc3 24. Be4 Rbc8 25. Bd3 a5
26. Rf3 Bg5 27. Rdf2 Be3 28. Re2 Bg4 29. Rfxe3 dxe3 30. Rxe3 Bf5 31. h3
Bxd3 32. cxd3 Rxb3 { White resigns } 0-1

[Event "ICC tourney 2329 (3 2)"]
[Site "Internet Chess Club"]
[Date "2021.01.22"]
[Round "2"]
[White "Gnanathan"]
[Black "muzikmixer"]
[Result "0-1"]
[ICCResult "White resigns"]
[WhiteElo "1101"]
[BlackElo "1633"]
[Opening "Pirc: Ufimtsev-Pytel variation"]
[ECO "B07"]
[NIC "PU.08"]
[Time "22:14:09"]
[PlyCount "38"]
[TimeControl "180+2"]

1. e4 d6 2. d4 Nf6 3. Nc3 c6 4. Nf3 Bg4 5. Be2 e6 6. h3 Bxf3 7. Bxf3 d5 8.
e5 Nfd7 9. O-O a6 10. a4 c5 11. Be3 cxd4 12. Bxd4 Nc6 13. Re1 Bc5 14. Bxc5
Nxc5 15. Qd2 O-O 16. Kh2 Nd7 17. Rad1 Ndxe5 18. Qf4 Qb8 19. b3 Nxf3+ {
White resigns } 0-1

[Event "ICC tourney 2329 (3 2)"]
[Site "Internet Chess Club"]
[Date "2021.01.22"]
[Round "2"]
[White "ASharikov"]
[Black "hggonzalezzss"]
[Result "1-0"]
[ICCResult "Black forfeits on time"]
[WhiteElo "2281"]
[BlackElo "1776"]
[Opening "Dunst (Sleipner, Heinrichsen) opening"]
[ECO "A00"]
[NIC "VO.15"]
[Time "22:13:47"]
[PlyCount "49"]
[TimeControl "180+2"]

1. Nc3 c5 2. d4 cxd4 3. Qxd4 Nc6 4. Qd2 g6 5. e4 d6 6. b3 Bg7 7. Bb2 Nf6 8.
O-O-O O-O 9. f4 Bg4 10. Nge2 a6 11. h3 Bxe2 12. Bxe2 Qc7 13. Bf3 Rfd8 14.
g4 b5 15. g5 Nd7 16. Nd5 Bxb2+ 17. Kxb2 Qb8 18. h4 Nb6 19. h5 Nxd5 20. exd5
Na7 21. hxg6 fxg6 22. Qd4 Qc7 23. Rxh7 e5 24. Rxc7 exd4 25. Bg4 { Black
forfeits on time } 1-0

[Event "ICC tourney 2329 (3 2)"]
[Site "Internet Chess Club"]
[Date "2021.01.22"]
[Round "2"]
[White "Openyagami"]
[Black "DualMoneytime"]
[Result "1-0"]
[ICCResult "Black resigns"]
[WhiteElo "2606"]
[BlackElo "1982"]
[Opening "English opening"]
[ECO "A20"]
[NIC "EO.24"]
[Time "22:13:13"]
[PlyCount "99"]
[TimeControl "180+2"]

1. c4 e5 2. g3 Nf6 3. Bg2 d5 4. cxd5 Nxd5 5. Nf3 Nc6 6. O-O Be7 7. d4 e4 8.
Ne5 Bf5 9. Nxc6 bxc6 10. Nd2 Nf6 11. Nc4 O-O 12. Bf4 c5 13. dxc5 Bxc5 14.
Qxd8 Rfxd8 15. Bxc7 Rd7 16. Be5 Nd5 17. Rad1 Re8 18. Bd6 Nb6 19. Bxc5 Nxc4
20. Rxd7 Bxd7 21. b3 Nb6 22. Rd1 Bb5 23. e3 f5 24. Bf1 Bxf1 25. Kxf1 Rc8
26. Bxb6 axb6 27. Rd6 Ra8 28. a4 Rb8 29. h4 g6 30. h5 Kg7 31. hxg6 hxg6 32.
Ke2 Kh6 33. f3 exf3+ 34. Kxf3 Kg5 35. e4 fxe4+ 36. Kxe4 Kh5 37. Kd5 g5 38.
Kc6 Kg4 39. Rd3 b5 40. axb5 Kh3 41. b6 Rc8+ 42. Kb5 Rf8 43. b7 g4 44. Kb6
Rf3 45. Rxf3 gxf3 46. b8=Q f2 47. Qf4 Kg2 48. g4 f1=Q 49. Qxf1+ Kxf1 50. g5
{ Black resigns } 1-0

[Event "ICC tourney 2329 (3 2)"]
[Site "Internet Chess Club"]
[Date "2021.01.22"]
[Round "2"]
[White "Assured"]
[Black "Zapateado"]
[Result "1-0"]
[ICCResult "Black resigns"]
[WhiteElo "2577"]
[BlackElo "1908"]
[Opening "Torre attack (Tartakower variation)"]
[ECO "D03"]
[NIC "QP.06"]
[Time "22:13:31"]
[PlyCount "51"]
[TimeControl "180+2"]

1. d4 Nf6 2. Nf3 d5 3. Bg5 e6 4. Nbd2 c5 5. e3 Nc6 6. c3 Qb6 7. Qb3 c4 8.
Qc2 h6 9. Bh4 g5 10. Bg3 Nh5 11. Be2 Nxg3 12. hxg3 Bg7 13. e4 Bd7 14. exd5
exd5 15. Nf1 O-O-O 16. Ne3 Be6 17. O-O-O Qa5 18. Kb1 b5 19. Nf5 Bxf5 20.
Qxf5+ Rd7 21. Ne5 Nxe5 22. dxe5 b4 23. Bxc4 bxc3 24. Rxd5 Qa4 25. Bb5 c2+
26. Kc1 { Black resigns } 1-0

[Event "ICC tourney 2329 (3 2)"]
[Site "Internet Chess Club"]
[Date "2021.01.22"]
[Round "2"]
[White "anmolwarman"]
[Black "PearsonH"]
[Result "1-0"]
[ICCResult "Black resigns"]
[WhiteElo "1187"]
[BlackElo "1752"]
[Opening "Queen's gambit declined"]
[ECO "D30"]
[NIC "EO.64"]
[Time "22:13:22"]
[PlyCount "57"]
[TimeControl "180+2"]

1. c4 e6 2. d4 d5 3. cxd5 exd5 4. Nc3 c6 5. Nf3 Bf5 6. g3 Bd6 7. Bg2 Nf6 8.
Bg5 h6 9. Bd2 Ne4 10. Nxe4 Bxe4 11. O-O Nd7 12. Qb3 Qc7 13. Bb4 Bxb4 14.
Qxb4 a5 15. Qa3 Nb6 16. Nd2 Bxg2 17. Kxg2 h5 18. Rfe1 f5 19. Qe3+ Kf7 20.
Qg5 g6 21. b3 h4 22. Nf3 hxg3 23. fxg3 Nd7 24. Nh4 Rag8 25. Rf1 Rh5 26.
Rxf5+ gxf5 27. Qxh5+ Ke7 28. Qh7+ Kf8 29. Ng6+ { Black resigns } 1-0

[Event "ICC tourney 2329 (3 2)"]
[Site "Internet Chess Club"]
[Date "2021.01.22"]
[Round "2"]
[White "ConnorGo"]
[Black "Averyyu321"]
[Result "0-1"]
[ICCResult "White resigns"]
[WhiteElo "1145"]
[BlackElo "1713"]
[Opening "Sicilian: closed"]
[ECO "B23"]
[NIC "SI.44"]
[Time "22:13:40"]
[PlyCount "62"]
[TimeControl "180+2"]

1. e4 c5 2. Nc3 d6 3. f4 Nf6 4. Nf3 Nc6 5. d3 a6 6. a3 b5 7. Qe2 g6 8. e5
dxe5 9. fxe5 Nd7 10. Bf4 Bg7 11. O-O-O Bb7 12. e6 fxe6 13. Qxe6 Nf6 14. Be5
Qc8 15. Qxc8+ Bxc8 16. Nd5 Nxe5 17. Nxe5 Nxd5 18. Nc6 Bd7 19. Na5 O-O 20.
Nb3 Rac8 21. Kb1 Ne3 22. Re1 Bd4 23. Nxd4 cxd4 24. Be2 Rxc2 25. Bf3 Rd2 26.
Bd5+ Nxd5 27. Re5 e6 28. Kc1 Rxd3 29. Kc2 Re3 30. Rg5 Rf2+ 31. Kb1 Ree2 {
White resigns } 0-1

[Event "ICC tourney 2329 (3 2)"]
[Site "Internet Chess Club"]
[Date "2021.01.22"]
[Round "2"]
[White "marinaxiao"]
[Black "sarvadh"]
[Result "1/2-1/2"]
[ICCResult "Game drawn by mutual agreement"]
[WhiteElo "1496"]
[BlackElo "2250"]
[Opening "French: advance, Paulsen attack"]
[ECO "C02"]
[NIC "FR.03"]
[Time "22:13:28"]
[PlyCount "80"]
[TimeControl "180+2"]

1. e4 e6 2. d4 d5 3. e5 c5 4. c3 Nc6 5. Nf3 Qb6 6. a3 Nh6 7. b4 cxd4 8.
cxd4 Nf5 9. Bb2 Be7 10. g4 Nh4 11. Nxh4 Bxh4 12. Bg2 Bd7 13. O-O a5 14. Bc3
axb4 15. axb4 Rxa1 16. Bxa1 Qxb4 17. Bc3 Qb6 18. Qd3 O-O 19. f4 Be7 20. f5
Nxe5 21. Ba5 Qa7 22. Qe3 Nc4 23. Qg3 Qxa5 24. f6 Bxf6 25. Rxf6 gxf6 26. g5
f5 27. h4 Qb6 28. h5 Qxb1+ 29. Kh2 Kh8 30. g6 fxg6 31. hxg6 Rg8 32. Qh4
Rxg6 33. Qd8+ Kg7 34. Qe7+ Kg8 35. Qd8+ Kg7 36. Qe7+ Kh6 37. Qh4+ Kg7 38.
Qe7+ Kh8 39. Qf8+ Rg8 40. Qf6+ Rg7 { Game drawn by mutual agreement }
1/2-1/2

[Event "ICC tourney 2329 (3 2)"]
[Site "Internet Chess Club"]
[Date "2021.01.22"]
[Round "2"]
[White "woochess"]
[Black "MChessy"]
[Result "1-0"]
[ICCResult "Black forfeits on time"]
[WhiteElo "2595"]
[BlackElo "1950"]
[Opening "QGD: Ragozin variation"]
[ECO "D38"]
[NIC "NI.27"]
[Time "22:13:15"]
[PlyCount "57"]
[TimeControl "180+2"]

1. d4 Nf6 2. Nf3 e6 3. c4 d5 4. Nc3 Bb4 5. Qb3 Bxc3+ 6. Qxc3 O-O 7. g3 Nbd7
8. Bg2 c5 9. O-O Ne4 10. Qc2 Qf6 11. Be3 cxd4 12. Bxd4 e5 13. cxd5 Nxg3 14.
hxg3 exd4 15. Rad1 Ne5 16. Nxd4 Qh6 17. Qe4 Ng4 18. Nf3 Qh5 19. d6 Bf5 20.
Qf4 h6 21. Rd5 g6 22. e4 g5 23. Qxf5 Rfe8 24. d7 Red8 25. e5 a5 26. Re1 Ra6
27. Re4 Rc6 28. Qxg4 Rc1+ 29. Bf1 { Black forfeits on time } 1-0

[Event "ICC tourney 2329 (3 2)"]
[Site "Internet Chess Club"]
[Date "2021.01.22"]
[Round "2"]
[White "ZYCON"]
[Black "ChiefDas"]
[Result "1-0"]
[ICCResult "Black resigns"]
[WhiteElo "1385"]
[BlackElo "1857"]
[Opening "Queen's gambit accepted"]
[ECO "D20"]
[NIC "QG.03"]
[Time "22:13:28"]
[PlyCount "71"]
[TimeControl "180+2"]

1. d4 d5 2. c4 dxc4 3. e3 e5 4. Bxc4 exd4 5. Qxd4 Qxd4 6. exd4 Nf6 7. Nf3
Bb4+ 8. Bd2 Bxd2+ 9. Nbxd2 O-O 10. O-O a6 11. Rfe1 Nc6 12. Ne4 Nxe4 13.
Rxe4 Bf5 14. Ree1 Rad8 15. Rad1 Rd7 16. a3 Rfd8 17. b4 h6 18. d5 Ne7 19.
Ne5 Rd6 20. f4 Nxd5 21. Bxd5 Rxd5 22. Rxd5 Rxd5 23. Re3 c5 24. bxc5 Rxc5
25. Rb3 b5 26. Nd3 Rc4 27. g3 Bh3 28. Kf2 Rc2+ 29. Ke3 Rxh2 30. Nc5 Rg2 31.
Kf3 Rd2 32. Nxa6 Bf1 33. Nb4 Bc4 34. Rc3 Be2+ 35. Ke3 Bc4 36. Kxd2 { Black
resigns } 1-0

[Event "ICC tourney 2329 (3 2)"]
[Site "Internet Chess Club"]
[Date "2021.01.22"]
[Round "2"]
[White "jy2020"]
[Black "Ayushb"]
[Result "1-0"]
[ICCResult "Black resigns"]
[WhiteElo "2213"]
[BlackElo "1769"]
[Opening "Ruy Lopez: Anderssen variation"]
[ECO "C77"]
[NIC "RL.12"]
[Time "22:13:13"]
[PlyCount "93"]
[TimeControl "180+2"]

1. e4 e5 2. Nf3 Nc6 3. Bb5 a6 4. Ba4 Nf6 5. d3 Be7 6. O-O d6 7. c3 O-O 8.
Re1 b5 9. Bc2 Bg4 10. Nbd2 Re8 11. h3 Bh5 12. Nf1 Bf8 13. Ng3 Bg6 14. Qe2
Qd7 15. Nh4 Rad8 16. Bg5 Kh8 17. Bxf6 gxf6 18. Nhf5 Bxf5 19. Nxf5 Ne7 20.
Ng3 Ng6 21. Qf3 Bh6 22. Qxf6+ Bg7 23. Qf3 Nf4 24. Nf5 Rg8 25. Kh2 Bf6 26.
g3 Ng6 27. Bb3 Bg7 28. h4 Ne7 29. Ne3 Rdf8 30. Rad1 a5 31. a3 c5 32. Qe2
Bh6 33. Nd5 Nxd5 34. Bxd5 Rg4 35. Qf3 Rfg8 36. Qxf7 Rxh4+ 37. Kg1 Rh1+ 38.
Kxh1 Qh3+ 39. Kg1 Rxg3+ 40. fxg3 Qxg3+ 41. Kf1 Qh3+ 42. Ke2 Qg2+ 43. Qf2
Qg4+ 44. Qf3 Qh4 45. Rg1 Qh2+ 46. Rg2 Qxg2+ 47. Qxg2 { Black resigns } 1-0

[Event "ICC tourney 2329 (3 2)"]
[Site "Internet Chess Club"]
[Date "2021.01.22"]
[Round "2"]
[White "Purushottam123"]
[Black "stephenwilly"]
[Result "1-0"]
[ICCResult "Black checkmated"]
[WhiteElo "1700"]
[BlackElo "1460"]
[Opening "two knights defense: Fritz variation"]
[ECO "C57"]
[NIC "KP.01"]
[Time "22:13:20"]
[PlyCount "85"]
[TimeControl "180+2"]

1. e4 e5 2. Nf3 Nc6 3. Bc4 Nf6 4. Ng5 d5 5. exd5 Nd4 6. c3 Nf5 7. d4 exd4
8. O-O Be7 9. d6 Nxd6 10. Bb3 d3 11. Qxd3 Bf5 12. Qf3 Bg4 13. Qg3 h6 14.
Nf3 Nde4 15. Qf4 Bd6 16. Qe3 O-O 17. h3 Bh5 18. Nbd2 Re8 19. Re1 Nxd2 20.
Qxd2 Bxf3 21. gxf3 Rxe1+ 22. Qxe1 Qd7 23. Kg2 Re8 24. Be3 Nh5 25. Qd2 Nf6
26. c4 Qf5 27. Bc2 Qh5 28. Rd1 Nd7 29. Be4 Ne5 30. c5 f5 31. Bd5+ Kh7 32.
cxd6 cxd6 33. f4 Ng6 34. Kh2 Nh4 35. Rg1 Ng6 36. Bf7 Re6 37. Bxe6 Nh4 38.
Bd5 Nf3+ 39. Bxf3 Qxf3 40. Qd4 g6 41. Qxd6 Qe4 42. Qxg6+ Kh8 43. Qg7# {
Black checkmated } 1-0

[Event "ICC tourney 2329 (3 2)"]
[Site "Internet Chess Club"]
[Date "2021.01.22"]
[Round "2"]
[White "JDD01"]
[Black "Kyle45"]
[Result "0-1"]
[ICCResult "White resigns"]
[WhiteElo "1817"]
[BlackElo "1100"]
[Opening "Sicilian defense"]
[ECO "B41"]
[NIC "SI.41"]
[Time "22:13:14"]
[PlyCount "86"]
[TimeControl "180+2"]

1. e4 c5 2. Nf3 e6 3. d4 cxd4 4. Nxd4 Bc5 5. Nc3 a6 6. Be3 b5 7. a3 Qb6 8.
Be2 Nc6 9. Nxc6 Bxe3 10. fxe3 dxc6 11. Qd4 Qxd4 12. exd4 Nf6 13. O-O O-O
14. e5 Nd5 15. Ne4 Ne3 16. Rfc1 Nd5 17. Nd6 Bd7 18. c3 f6 19. Rf1 Ne3 20.
Rf3 Nd5 21. Raf1 Rad8 22. Bd3 h6 23. Bg6 a5 24. h3 a4 25. Be4 f5 26. Bc2
Nb6 27. Bd3 Be8 28. Be2 Nd5 29. Rg3 Kh7 30. Bf3 f4 31. Rg4 Ne3 32. Be4+ Kh8
33. Rgxf4 Rg8 34. R1f2 Bh5 35. g4 Be8 36. Rf8 Bd7 37. Rxg8+ Kxg8 38. Rf3
Nd5 39. Bg6 Ne7 40. Bd3 Nd5 41. Rf7 Bc8 42. Kf2 Rxd6 43. exd6 Kxf7 { White
resigns } 0-1

[Event "ICC tourney 2329 (3 2)"]
[Site "Internet Chess Club"]
[Date "2021.01.22"]
[Round "2"]
[White "hackerguru"]
[Black "Kinawa"]
[Result "1-0"]
[ICCResult "Black checkmated"]
[WhiteElo "1750"]
[BlackElo "1535"]
[Opening "English: Carls' Bremen system"]
[ECO "A22"]
[NIC "EO.10"]
[Time "22:13:26"]
[PlyCount "157"]
[TimeControl "180+2"]

1. c4 e5 2. Nc3 Nf6 3. g3 Nc6 4. Bg2 g6 5. e4 Bg7 6. Nge2 d6 7. d3 Bg4 8.
O-O O-O 9. h3 Be6 10. Be3 Qd7 11. Kh2 Ne8 12. Nd5 f5 13. exf5 Bxf5 14. d4
Nf6 15. Nxf6+ Bxf6 16. d5 Ne7 17. g4 Bxg4 18. hxg4 Qxg4 19. Ng3 Qh4+ 20.
Bh3 e4 21. Qg4 Qxg4 22. Bxg4 Be5 23. Kg2 h5 24. Be6+ Kg7 25. Nxe4 Nf5 26.
Bxf5 gxf5 27. Ng5 f4 28. Ne6+ Kf7 29. Nxf8 Rxf8 30. Bd2 h4 31. Kf3 h3 32.
Rh1 Rh8 33. Bxf4 Bxf4 34. Kxf4 Kf6 35. Rag1 h2 36. Rg2 Rh4+ 37. Rg4 Rh3 38.
Rg2 Rh4+ 39. Ke3 Rxc4 40. Rgxh2 Rc2 41. Rh6+ Kg7 42. Rh7+ Kg8 43. Rh8+ Kg7
44. R1h7+ Kg6 45. Rd7 Rxb2 46. Rxc7 Rxa2 47. Rxb7 Ra3+ 48. Ke2 Ra2+ 49. Kf1
Ra1+ 50. Kg2 Rd1 51. Rxa7 Rxd5 52. Rg8+ Kf6 53. Ra3 Rc5 54. Rf3+ Ke7 55.
Rg7+ Ke6 56. Rg6+ Kd7 57. Rff6 d5 58. Rf7+ Ke8 59. Ra7 Kf8 60. Rd6 Rc8 61.
Rxd5 Re8 62. Rdd7 Kg8 63. Rg7+ Kh8 64. Rh7+ Kg8 65. Rag7+ Kf8 66. Rh8+ Kxg7
67. Rxe8 Kf6 68. Re3 Kf5 69. Kf3 Kg5 70. Ke4 Kf6 71. f4 Ke6 72. f5+ Kf6 73.
Kf4 Kf7 74. Ke5 Ke7 75. f6+ Kf7 76. Kf5 Kg8 77. Re7 Kf8 78. Kg6 Kg8 79.
Re8# { Black checkmated } 1-0

[Event "ICC tourney 2329 (3 2)"]
[Site "Internet Chess Club"]
[Date "2021.01.22"]
[Round "2"]
[White "baldwinsthename"]
[Black "yuanbao2007"]
[Result "0-1"]
[ICCResult "White checkmated"]
[WhiteElo "1272"]
[BlackElo "1664"]
[Opening "French defense"]
[ECO "C00"]
[NIC "FR.01"]
[Time "22:13:59"]
[PlyCount "112"]
[TimeControl "180+2"]

1. e4 e6 2. c3 d5 3. exd5 exd5 4. d4 Bd6 5. Nf3 Nf6 6. Bg5 h6 7. Bxf6 Qxf6
8. Qb3 c6 9. Be2 O-O 10. Nbd2 Re8 11. Qd1 Nd7 12. O-O Nf8 13. Re1 Ng6 14.
h3 Bd7 15. c4 Nf4 16. Ne5 Bxe5 17. dxe5 Rxe5 18. Bf3 Rae8 19. Rxe5 Rxe5 20.
cxd5 cxd5 21. Qb3 Bc6 22. Kh2 Ne6 23. Nf1 Nd4 24. Qd1 Nxf3+ 25. gxf3 Rh5
26. Ng3 Rh4 27. Qd3 Qe6 28. Qf5 Qxf5 29. Nxf5 Rf4 30. Ne7+ Kf8 31. Nxc6
bxc6 32. Kg3 Rf6 33. Rc1 Rd6 34. Kf4 Ke7 35. Ke5 f6+ 36. Kd4 Kd7 37. Rg1 g5
38. Rg4 Re6 39. h4 Kd6 40. hxg5 fxg5 41. b4 Rf6 42. Rg3 Rf4+ 43. Kc3 c5 44.
a3 d4+ 45. Kd3 Kd5 46. b5 c4+ 47. Kc2 d3+ 48. Kc3 Kc5 49. a4 Rd4 50. Rh3 d2
51. Rxh6 Rd3+ 52. Kb2 d1=Q 53. Rc6+ Kb4 54. Rxc4+ Kxc4 55. b6 Qb3+ 56. Kc1
Rd1# { White checkmated } 0-1

[Event "ICC tourney 2329 (3 2)"]
[Site "Internet Chess Club"]
[Date "2021.01.22"]
[Round "2"]
[White "Goran21"]
[Black "GGuseinov"]
[Result "1-0"]
[ICCResult "Black checkmated"]
[WhiteElo "2008"]
[BlackElo "2715"]
[Opening "English opening"]
[ECO "A10"]
[NIC "EO.64"]
[Time "22:13:45"]
[PlyCount "111"]
[TimeControl "180+2"]

1. c4 g6 2. Nc3 Bg7 3. Nf3 d6 4. g3 Nf6 5. Bg2 O-O 6. O-O Nc6 7. Rb1 e5 8.
b4 e4 9. Ng5 Bf5 10. Ngxe4 Nxe4 11. Nxe4 Re8 12. d3 Ne5 13. Bg5 f6 14. Bd2
Qd7 15. Nc3 Bh3 16. Bxh3 Qxh3 17. f3 f5 18. Nd5 Rac8 19. Bg5 Qh5 20. h4 h6
21. Nf4 hxg5 22. Nxh5 gxh5 23. hxg5 Ng6 24. e4 f4 25. Qd2 fxg3 26. d4 c5
27. bxc5 dxc5 28. d5 b6 29. f4 Rxe4 30. Rbe1 Rd4 31. Qe2 Rf8 32. f5 Nf4 33.
Rxf4 Rxf4 34. f6 Bxf6 35. gxf6 R8xf6 36. Qxh5 Rf8 37. Qg6+ Kh8 38. d6 g2
39. Qh6+ Kg8 40. Qxf4 Rxf4 41. d7 Rd4 42. Re8+ Kf7 43. d8=Q Rxd8 44. Rxd8
Ke6 45. Ra8 Ke5 46. Rxa7 Kd4 47. Ra4 Kc3 48. Kxg2 Kb2 49. Ra6 b5 50. cxb5
c4 51. b6 c3 52. b7 c2 53. b8=Q+ Ka1 54. Qe5+ Kb1 55. Rb6+ Kc1 56. Qe1# {
Black checkmated } 1-0

[Event "ICC tourney 2329 (3 2)"]
[Site "Internet Chess Club"]
[Date "2021.01.22"]
[Round "2"]
[White "yogokings12"]
[Black "InfernoKing"]
[Result "1/2-1/2"]
[ICCResult "Game drawn by mutual agreement"]
[WhiteElo "1573"]
[BlackElo "2133"]
[Opening "KGD: Falkbeer counter-gambit"]
[ECO "C31"]
[NIC "KG.04"]
[Time "22:13:24"]
[PlyCount "93"]
[TimeControl "180+2"]

1. e4 e5 2. f4 d5 3. exd5 exf4 4. Bc4 Nf6 5. Nc3 Bd6 6. d4 O-O 7. Nge2 f3
8. gxf3 Bh3 9. Bg5 h6 10. Bh4 Nbd7 11. Qd2 Nb6 12. Bb3 a5 13. a4 Be7 14.
Bxf6 Bxf6 15. O-O-O Kh8 16. Rhg1 Qd6 17. Ne4 Qe7 18. Rg3 Bf5 19. Nxf6 Qxf6
20. Rdg1 Rfe8 21. Nf4 g5 22. Nd3 Nd7 23. f4 Bxd3 24. Qxd3 Qxf4+ 25. Kb1 Nf6
26. d6 Qxd6 27. Bxf7 Re7 28. Qg6 Ne4 29. Rh3 Qxg6 30. Bxg6 Kg7 31. Bxe4
Rxe4 32. c3 Rae8 33. Rhg3 Kg6 34. R1g2 Re1+ 35. Kc2 R8e2+ 36. Kb3 Kf5 37.
Kc4 Kf4 38. Rxe2 Rxe2 39. Rh3 Rxb2 40. Rxh6 g4 41. Rh7 c6 42. Kd3 Kf3 43.
Rf7+ Kg2 44. Rg7 Kxh2 45. Rxg4 Kh3 46. Rg7 Kh4 47. Kc4 { Game drawn by
mutual agreement } 1/2-1/2

[Event "ICC tourney 2329 (3 2)"]
[Site "Internet Chess Club"]
[Date "2021.01.22"]
[Round "2"]
[White "jefferyx"]
[Black "HR2005"]
[Result "1-0"]
[ICCResult "Black resigns"]
[WhiteElo "2825"]
[BlackElo "2041"]
[Opening "Sicilian, Chekhover variation"]
[ECO "B53"]
[NIC "SI.02"]
[Time "22:14:09"]
[PlyCount "127"]
[TimeControl "180+2"]

1. e4 c5 2. Nf3 d6 3. d4 cxd4 4. Qxd4 Nc6 5. Qe3 Nf6 6. h3 g6 7. Be2 Bg7 8.
O-O O-O 9. Rd1 Qc7 10. Nc3 a6 11. Qg5 Be6 12. Qh4 h5 13. Bg5 Ne5 14. Nd4
Bc4 15. Bd3 Bxd3 16. cxd3 b5 17. Rac1 Qb6 18. Be3 Qb7 19. f4 Nc6 20. Nxc6
Qxc6 21. Nd5 Qe8 22. Nc7 Qd7 23. Nxa8 Rxa8 24. Qf2 Ne8 25. Qc2 Qe6 26. b3
f5 27. Qc6 Rd8 28. Bd4 Bxd4+ 29. Kh1 Nf6 30. Re1 fxe4 31. dxe4 Qd7 32. Qxa6
e5 33. Rcd1 Ng4 34. Rxd4 exd4 35. hxg4 Qxg4 36. Kg1 Qxf4 37. Qxb5 Qe5 38.
Qd5+ Kg7 39. Rd1 Qxd5 40. exd5 Ra8 41. a4 Rb8 42. Rd3 Rb4 43. Kf2 Kf6 44.
Ke2 Ke5 45. Kd2 Kxd5 46. Rg3 Kc5 47. Kc2 d3+ 48. Rxd3 Rg4 49. g3 Kb4 50.
Rd5 Rxg3 51. Rb5+ Ka3 52. a5 Rg2+ 53. Kc3 Rg1 54. a6 Rc1+ 55. Kd4 Rc8 56.
a7 Ra8 57. Rb7 h4 58. Ke3 g5 59. b4 Ka4 60. b5 h3 61. Kf2 g4 62. b6 h2 63.
Kg2 g3 64. Rb8 { Black resigns } 1-0

[Event "ICC tourney 2329 (3 2)"]
[Site "Internet Chess Club"]
[Date "2021.01.22"]
[Round "2"]
[White "clair"]
[Black "JamesS"]
[Result "1/2-1/2"]
[ICCResult "Game drawn by repetition"]
[WhiteElo "1681"]
[BlackElo "1364"]
[Opening "Queen's pawn: London system"]
[ECO "A45"]
[NIC "QP.07"]
[Time "22:13:16"]
[PlyCount "133"]
[TimeControl "180+2"]

1. d4 Nf6 2. Bf4 c5 3. e3 cxd4 4. exd4 Nc6 5. c3 d5 6. Nd2 Bf5 7. Ngf3 e6
8. h3 h6 9. Qb3 Qd7 10. Bb5 Bd6 11. Ne5 Bxe5 12. Bxe5 O-O 13. O-O Ne4 14.
Nxe4 Bxe4 15. Qd1 a6 16. Qg4 f6 17. Bxc6 bxc6 18. Bh2 Bf5 19. Qe2 Rfc8 20.
b4 a5 21. a3 Qf7 22. Rfe1 axb4 23. axb4 Rxa1 24. Rxa1 Qd7 25. Qa6 Re8 26.
Qb6 e5 27. Ra7 Qd6 28. dxe5 fxe5 29. Rc7 Rc8 30. Rxc8+ Bxc8 31. Qe3 Qe6 32.
Qxe5 Qxe5 33. Bxe5 Bf5 34. Bd4 Bd3 35. f3 g5 36. g3 Kf7 37. Kf2 h5 38. f4
gxf4 39. gxf4 Kg6 40. h4 Kf5 41. Kg3 Be2 42. Bc5 Ke4 43. Bd4 Kd3 44. Be5
Kc4 45. Bd4 Bd1 46. Kf2 Bg4 47. Ke3 Kb5 48. Kd3 Bf3 49. Ke3 Bg4 50. Kd2 Ka6
51. Ke3 Kb7 52. Kd2 Kc7 53. Ke3 Kd7 54. Be5 Ke6 55. Kd4 Kd7 56. Kc5 Be6 57.
b5 cxb5 58. Kxb5 Bf5 59. Kc5 Ke6 60. Kc6 Bg4 61. Kc5 Bf5 62. Kc6 Bg4 63.
Kc5 Bf5 64. Kd4 Bg4 65. Kc5 Bf5 66. Kd4 Bg4 67. Kc5 { Game drawn by
repetition } 1/2-1/2

[Event "ICC tourney 2329 (3 2)"]
[Site "Internet Chess Club"]
[Date "2021.01.22"]
[Round "2"]
[White "BreatheChessAls"]
[Black "BMWHero"]
[Result "1-0"]
[ICCResult "Black resigns"]
[WhiteElo "1915"]
[BlackElo "2580"]
[Opening "Queen's pawn: London system"]
[ECO "A45"]
[NIC "QP.07"]
[Time "22:13:16"]
[PlyCount "155"]
[TimeControl "180+2"]

1. d4 Nf6 2. Bf4 d5 3. e3 c5 4. c3 Nc6 5. Nd2 Bf5 6. Qb3 Qd7 7. Ngf3 c4 8.
Qd1 e6 9. Ne5 Nxe5 10. Bxe5 Be7 11. Be2 O-O 12. O-O b5 13. Bf3 b4 14. Bxf6
Bxf6 15. e4 bxc3 16. bxc3 Bg6 17. exd5 exd5 18. Re1 Rab8 19. Bg4 Qd6 20.
Nf3 Qa3 21. Qc1 Rb2 22. Ne5 Rfb8 23. Nd7 Rd8 24. Nxf6+ gxf6 25. Qf4 Qd6 26.
Qe3 Kg7 27. h4 h5 28. Bf3 Rdb8 29. Qe7 R8b6 30. Qe8 a5 31. Qa8 R6b5 32. a4
R5b3 33. Qxa5 Qf4 34. Qxd5 Qxh4 35. g3 Qh3 36. Bg2 Qc8 37. Re3 h4 38. gxh4
Qg4 39. h5 Qh4 40. Rg3 Rxc3 41. hxg6 fxg6 42. Rxc3 Qxf2+ 43. Kh1 Rd2 44.
Qd7+ Kf8 45. Qc8+ Kg7 46. Qb7+ Kh6 47. Rh3+ Kg5 48. Qd5+ f5 49. Qd8+ Kg4
50. Rg1 Rxd4 51. Qh8 Rd2 52. Bf3+ Kf4 53. Qh4+ Qxh4 54. Rxh4+ Kxf3 55. Rxc4
f4 56. Rxg6 Rd1+ 57. Kh2 Rd5 58. Kg1 Rd1+ 59. Kh2 Rd5 60. Rf6 Rh5+ 61. Kg1
Rg5+ 62. Kf1 Ke3 63. Rfxf4 Rd5 64. Rh4 Rf5+ 65. Ke1 Kd3 66. Rcg4 Re5+ 67.
Kd1 Re3 68. Rd4+ Kc3 69. Rc4+ Kb3 70. Rcg4 Rd3+ 71. Ke2 Rc3 72. Re4 Rc2+
73. Kf3 Rc8 74. Re3+ Kc2 75. Rh2+ Kd1 76. Ra3 Rf8+ 77. Ke3 Re8+ 78. Kd4 {
Black resigns } 1-0